 Dungeon Crawl Stone Soup version 0.20-a0-336-g7b05759 (webtiles) character file.

105287 penismuncher the Impaler (level 15, -6/128 (130) HPs)
             Began as a Demonspawn Gladiator on Dec 21, 2016.
             Was the Champion of Nemelex Xobeh.
             Killed by divine providence
             ... invoked by a meliai
              (15 damage)
             ... on level 15 of the Dungeon on Dec 22, 2016.
             The game lasted 01:23:30 (40379 turns).

penismuncher the Impaler (Demonspawn Gladiator)    Turns: 40379, Time: 01:23:30

HP:   -6/128 (130)  AC: 31    Str: 17      XL:     15   Next: 94%
MP:   31/31         EV:  9    Int: 16 (18) God:    Nemelex Xobeh [******]
Gold: 592           SH: 16    Dex: 19      Spells: 14/14 levels left

rFire  + + .     SeeInvis .     G - +3 broad axe (flame)
rCold  + . .     Gourm    .     q - +5 chain mail "Leelloz" {+Blink Int+4}
rNeg   . . .     Faith    .     O - +0 shield {rF+}
rPois  .         Spirit   .     V - +3 hat of Pondering {ponderous, MR+ MP+10 Int+5}
rElec  .         Reflect  +     c - +2 cloak
rCorr  .         Harm     .     (gloves unavailable)
MR     ++...                    A - +2 pair of boots of the Assassin {DetectMon Stab+ Stlth++}
Stlth  +.........               w - +4 amulet of reflection
                                D - ring of Xinoj {Fire Slay+5}
                                H - ring of protection from cold

@: sanguine armour, slow
A: claws 3, cold resistance 1, demonic guardian 1, freezing cloud immunity,
sanguine armour 2
a: Triple Draw, Deal Four, Stack Five, Renounce Religion, Evoke Blink


You were on level 15 of the Dungeon.
You worshipped Nemelex Xobeh.
Nemelex Xobeh was exalted by your worship.
You were not hungry.

You visited 4 branches of the dungeon, and saw 24 of its levels.
You visited 1 bazaar.
You also visited: Bailey, Ice Cave and Volcano.

You collected 2315 gold pieces.
You spent 1723 gold pieces at shops.

Inventory:

Hand Weapons
 G - a +3 broad axe of flaming (weapon)
Missiles
 d - 3 throwing nets (quivered)
Armour
 b - the +1 leather armour of Ru's Condemnation {-Cast rPois rC+ MR++}
   (You found it on level 14 of the Dungeon)

   It protects you from cold.
   It protects you from poison.
   It affects your resistance to hostile enchantments.
   It prevents spellcasting.
 c - a +2 cloak (worn)
 q - the +5 chain mail "Leelloz" (worn) {+Blink Int+4}
   (You bought it in a shop in a bazaar)

   It affects your intelligence (+4).
   It lets you blink.
 A - the +2 pair of boots of the Assassin (worn) {DetectMon Stab+ Stlth++}
   (You bought it in a shop on level 2 of the Orcish Mines)

   It makes you much more stealthy.
 O - a +0 shield of fire resistance (worn)
 V - the +3 hat of Pondering (worn) {ponderous, MR+ MP+10 Int+5}
   (You bought it in a shop on level 2 of the Orcish Mines)

   It affects your intelligence (+5).
   It affects your resistance to hostile enchantments.
   It affects your magic capacity (+10).
Jewellery
 r - an uncursed ring of see invisible
 w - a +4 amulet of reflection (around neck)
 D - the ring of Xinoj (right claw) {Fire Slay+5}
   (You found it on level 3 of the Lair of Beasts)

   [ring of fire]

   It enhances your fire magic.
   It affects your accuracy and damage with ranged weapons and melee attacks
   (+5).
   It protects you from fire.
   It makes you vulnerable to cold.
 H - a ring of protection from cold (left claw)
Wands
 U - a wand of disintegration (2/24)
Scrolls
 h - 4 scrolls of fog
 j - 17 scrolls of remove curse
 l - 6 scrolls of teleportation
 x - 5 scrolls of recharging
 y - a scroll of magic mapping
 z - 3 scrolls of blinking
 I - 7 scrolls of enchant armour
 N - a scroll of brand weapon
Potions
 e - 5 potions of agility
 g - 3 potions of might
 k - 4 potions of heal wounds
 n - 3 potions of magic
 o - 2 potions of resistance
 u - a potion of haste
 v - 6 potions of brilliance
 C - 10 potions of curing
 F - a potion of cancellation
 K - 2 potions of ambrosia
 L - a potion of berserk rage
 P - a potion of cure mutation
Miscellaneous
 a - a legendary deck of summoning
 i - an ornate deck of destruction
 m - an ornate deck of destruction {drawn: 1}
 p - a phial of floods
 B - an ornate deck of escape {drawn: 3}
 J - an ornate deck of summoning {drawn: 7}
 Q - an ornate deck of destruction
 S - a legendary deck of destruction
 T - an ornate deck of destruction {drawn: 1}
 W - a box of beasts
 X - a legendary deck of destruction
 Y - an ornate deck of destruction
 Z - a legendary deck of summoning
Comestibles
 f - 16 bread rations
 t - 7 beef jerkies
 E - 3 meat rations
 R - 6 fruits


   Skills:
 - Level 15.7 Fighting
 + Level 6.6(13.1) Axes
   Level 17.2(17.6) Polearms
 - Level 1.7 Throwing
 - Level 1.2 Armour
 - Level 6.6 Dodging
 + Level 9.6 Shields
 - Level 8.0 Invocations
 * Level 7.6 Evocations


You had 14 spell levels left.
You didn't know any spells.

Dungeon Overview and Level Annotations

Branches:
Dungeon (15/15)            Temple (0/1) D:4            Lair (6/6) D:10
  Swamp (0/4) Lair:2        Snake (0/4) Lair:3        Slime (0/5) Lair:5
    Orc (2/2) D:11            Elf (1/3) Orc:2        Vaults (0/5) D:13
 Depths (0/5) D:15

Altars:
Ashenzari
Elyvilon
Fedhas
Nemelex Xobeh
Ru
The Shining One
Jiyva

Shops:
D:8 (%((!   Orc:2 ([[[*

Annotations:
D:5 exclusion: upstairs
D:9 exclusion: downstairs
D:10 exclusion: downstairs
D:12 exclusion: downstairs
Lair:4 exclusion: downstairs


Innate Abilities, Weirdness & Mutations

You have claws for hands.
Your flesh is cold resistant. (rC+)
A weak demonic guardian rushes to your aid.
You are immune to freezing clouds.
When seriously injured, your bleeding wounds create thick armour. (AC +9)


Message History

Your quasit barely misses the rakshasa.
Your quasit completely misses the rakshasa. x2
Your quasit claws the rakshasa but does no damage.
The rakshasa completely misses your quasit.
Your quasit bites the rakshasa but does no damage.
Your quasit misses the rakshasa.
Your quasit claws the rakshasa but does no damage.
Something hits your quasit!
Your quasit dies!
The rakshasa weaves an illusion.
There is an open door here.
The bullfrog hits your iron imp but does no damage.
Your iron imp disappears in a puff of smoke!
The meliai invokes the aid of its god against you.
Something smites you!
* * * LOW HITPOINT WARNING * * *
The meliai invokes the aid of its god against you.
Something smites you!
You die...
Your body glows with a rainbow of weird colours and disappears.

#.#.........##.....
#.#.........##.....
#.#................
#.#................
#.##...##...##.....
#..######...##.....
#.<#........##.....
#..#.........#.....
##.@#.........'.....
#...5.........#.....
##...#........##.....
##....#........##.....
###...FF##'###..........
##########......y#}:#.#'####.....
.................#::#......#.....
#####...#.......y####......#.....
#####...#........F.........#.....


You could see 2 meliai, 2 bullfrogs and a friendly quasit.

Vanquished Creatures
  Frances (D:14)
  An entropy weaver (Lair:5)
  A fire dragon (Lair:4)
  2 ogre magi (Orc:2)
  2 centaur warriors (D:13)
  15 two-headed ogres
  3 hydras
  A queen ant (Lair:5)
  A tengu warrior (D:11)
  Sonja (Lair:2)
  Urug (D:13)
  A deep elf knight (D:12)
  A fire crab (Lair:5)
  An unseen horror (D:14)
  2 deep trolls (Orc:2)
  A wizard (D:11)
  A glowing orange brain (D:15)
  An orc sorcerer (Orc:1)
  2 orc knights
  5 cyclopes
  14 ugly things
  3 deep elf magi
  5 centaur zombies
  A black mamba (Lair:1)
  4 centaur skeletons
  2 gargoyles
  8 rime drakes
  23 spiny frogs
  A yaktaur (shapeshifter) (D:15)
  A komodo dragon (shapeshifter) (D:15)
  8 komodo dragons
  An ice devil (Lair:5)
  A yaktaur (Volcano)
  A polar bear (Lair:6)
  15 trolls
  2 hornets
  28 blink frogs
  5 tyrant leeches (Lair:6)
  A hippogriff (shapeshifter) (D:12)
  5 slime creatures (D:14)
  4 dream sheep (Lair:5)
  8 hippogriffs
  4 shadows
  A vampire (D:12)
  2 wyverns
  38 yaks
  A yak (shapeshifter) (D:14)
  14 humans
  A wraith (D:12)
  3 basilisks
  7 steam dragons
  4 hungry ghosts
  20 vampire mosquitoes
  2 nagas (Lair:3)
  3 wargs
  16 soldier ants
  3 acid dragons
  12 water moccasins
  2 large abominations
  10 porcupines
  Duvessa (D:7)
  6 ice beasts
  2 phantoms
  4 sky beasts
  18 orc warriors
  A necrophage (D:12)
  3 hornet zombies
  19 ogres
  20 wolves
  9 centaurs
  5 big kobolds
  15 crocodiles
  25 bullfrogs
  A gnoll sergeant (D:8)
  A wyvern zombie (D:11)
  Dowan (D:7)
  4 scorpions
  A wyvern skeleton (D:11)
  2 small abominations (D:11)
  10 killer bees
  7 jellies
  10 wights
  3 howler monkeys
  7 crimson imps
  3 bullfrog zombies
  10 orc priests
  7 hounds
  20 orc wizards
  6 bullfrog skeletons
  An iguana (D:11)
  4 hell rats (Lair:5)
  30 worker ants
  2 killer bee zombies
  A hound skeleton (D:5)
  A howler monkey zombie (D:5)
  A mummy (D:11)
  A worker ant zombie (D:9)
  2 gnolls (D:11)
  16 adders
  2 river rats (D:3)
  3 shadow imps
  3 oozes
  An adder skeleton (D:4)
  2 worms
  3 dart slugs
  5 leopard geckos
  85 orcs
  8 giant cockroaches
  3 goblins
  8 hobgoblins
  10 jackals
  6 quokkas
  5 ball pythons
  4 bats
  3 frilled lizards (D:2)
  30 kobolds
  A kobold zombie (D:8)
  A quokka skeleton (D:5)
  15 rats
806 creatures vanquished.

Vanquished Creatures (collateral kills)
  The ghost of Jivvin the Fencer, a journeyman MiMo of Dithmenos (D:11)
  The ghost of Eviona the Grappler, a journeyman DrTm of Qazlal (D:11)
  3 hydras
  A centaur warrior (Volcano)
  3 two-headed ogres
  A death knight (D:11)
  A tengu warrior (D:12)
  The ghost of mynametaken the Basher, a journeyman GrFi of Okawaru (D:11)
  A hell knight (Volcano)
  Pikel (D:7)
  3 ugly things
  A manticore (D:13)
  A cyclops (Orc:2)
  A centaur zombie (D:11)
  A gargoyle (D:10)
  2 ice statues (IceCv)
  A spiny frog (Lair:6)
  A yaktaur (Volcano)
  A komodo dragon (D:12)
  An ice devil (Lair:5)
  5 trolls
  A meliai (D:12)
  A blink frog (Lair:2)
  Prince Ribbit (D:7)
  A dream sheep (Lair:5)
  The ghost of BluePsion the Conjurer, an amateur DECj (D:5)
  3 yaks
  2 humans (D:13)
  2 hungry ghosts
  Menkaure (D:7)
  A water moccasin (Lair:6)
  2 sky beasts
  10 orc warriors
  3 large abominations
  3 ice beasts (IceCv)
  A necrophage (D:11)
  5 ogres
  2 centaurs
  A water moccasin zombie (D:5)
  11 killer bees
  4 wights (D:8)
  A howler monkey (D:6)
  4 orc priests
  A bullfrog skeleton (D:11)
  2 orc wizards
  3 worker ants
  5 small abominations
  A hound skeleton (D:5)
  A worker ant zombie (D:10)
  6 gnolls
  18 orcs
  5 jackals
  2 kobolds
  A quokka zombie (D:5)
138 creatures vanquished.

Vanquished Creatures (others)
  An unseen horror (D:11)
  2 slaves (D:7)
  2 centaurs
  A killer bee (D:8)
  2 orcs (Bailey)
  A kobold (D:11)
  19 fungi
  55 plants
  A withered plant (D:11)
84 creatures vanquished.

Grand Total: 1028 creatures vanquished

Notes
Turn   | Place    | Note
-------+----------+-------------------------------------------
     0 | D:1      | penismuncher the Demonspawn Gladiator began the quest for the Orb.
     0 | D:1      | Reached XP level 1. HP: 16/16 MP: 1/1
    36 | D:1      | Reached skill level 3 in Polearms
    74 | D:1      | Gained mutation: You have sharp fingernails. [demonic ancestry]
    74 | D:1      | Reached XP level 2. HP: 10/22 MP: 2/2
   601 | D:2      | Gained mutation: Your flesh is cold resistant. (rC+) [demonic ancestry]
   601 | D:2      | Reached XP level 3. HP: 27/27 MP: 3/3
   654 | D:2      | Reached skill level 4 in Polearms
  1108 | D:2      | Found a faded altar of an unknown god.
  1160 | D:2      | Became a worshipper of Nemelex Xobeh the Trickster
  1160 | D:2      | Received a gift from Nemelex Xobeh
  1160 | D:2      | Reached * piety under Nemelex Xobeh
  1185 | D:2      | Gained mutation: When seriously injured, your bleeding wounds create armour. (AC +9) [demonic ancestry]
  1185 | D:2      | Reached XP level 4. HP: 31/33 MP: 4/4
  1286 | D:2      | Received a gift from Nemelex Xobeh
  1504 | D:2      | Reached skill level 1 in Invocations
  1663 | D:2      | Reached skill level 5 in Polearms
  2128 | D:3      | Gained mutation: A weak demonic guardian rushes to your aid. [demonic ancestry]
  2128 | D:3      | Reached XP level 5. HP: 38/38 MP: 6/6
  2520 | D:3      | Found a blossoming altar of Fedhas.
  2700 | D:3      | Reached ** piety under Nemelex Xobeh
  2700 | D:3      | Received a gift from Nemelex Xobeh
  2827 | D:4      | Found a staircase to the Ecumenical Temple.
  2985 | D:5      | Entered Level 5 of the Dungeon
  3161 | D:5      | Noticed a centaur
  3171 | D:5      | Killed a centaur
  3171 | D:5      | Gained mutation: You have very sharp fingernails. [demonic ancestry]
  3171 | D:5      | Reached XP level 6. HP: 6/44 MP: 7/7
  3510 | D:5      | Reached skill level 6 in Polearms
  3703 | D:5      | Noticed BluePsion's ghost (amateur DECj)
  3711 | D:5      | Killed BluePsion's ghost
  3900 | D:5      | Received a gift from Nemelex Xobeh
  3912 | D:5      | Gained mutation: You have claws for hands. [demonic ancestry]
  3912 | D:5      | Reached XP level 7. HP: 40/50 MP: 9/9
  3916 | D:5      | Reached skill level 7 in Polearms
  4957 | D:6      | Reached skill level 1 in Shields
  5396 | D:7      | Noticed Menkaure
  5410 | D:7      | Killed Menkaure
  5410 | D:7      | Reached skill level 1 in Armour
  5410 | D:7      | Reached XP level 8. HP: 15/57 MP: 11/11
  5632 | D:7      | Received a gift from Nemelex Xobeh
  5643 | D:7      | Reached skill level 5 in Invocations
  5756 | D:7      | Noticed Prince Ribbit
  5759 | D:7      | Noticed Duvessa
  5760 | D:7      | Noticed Dowan
  5796 | D:7      | Killed Duvessa
  5819 | D:7      | Noticed Pikel
  5819 | D:7      | Killed Dowan
  5841 | D:7      | Killed Pikel
  5848 | D:7      | Killed Prince Ribbit
  6081 | D:7      | Got a pair of encrusted gloves
  6162 | D:7      | Received a gift from Nemelex Xobeh
  6360 | D:7      | Reached *** piety under Nemelex Xobeh
  6385 | D:7      | Found a glowing golden altar of the Shining One.
  6517 | D:7      | Found a white marble altar of Elyvilon.
  6593 | D:8      | Noticed a two-headed ogre
  6628 | D:7      | Killed a two-headed ogre
  6628 | D:7      | Reached XP level 9. HP: 33/66 MP: 12/14
  7536 | D:8      | Reached skill level 5 in Fighting
  7933 | D:8      | Found Zagh's Distillery.
  8151 | D:8      | Reached skill level 5 in Dodging
  8423 | D:8      | Bought a potion of agility for 52 gold pieces
  8465 | D:8      | Found Xuaw Mui's Weapon Emporium.
  8466 | D:8      | Found Ibypsou's Food Boutique.
  8561 | D:8      | Paralysed by a hornet for 1 turns
  9147 | D:8      | Gained mutation: Your mind is acute. (Int +2) [mutagenic meat]
  9148 | D:8      | Gained mutation: You are resistant to hostile enchantments. (MR+) [mutagenic meat]
  9149 | D:8      | Lost mutation: Your mind is acute. (Int +2) [mutagenic meat]
  9441 | D:8      | Found Asor's Weapon Boutique.
  9525 | D:8      | Found Kaotouq's Weapon Shoppe.
  9758 | D:9      | Noticed a two-headed ogre
  9786 | D:9      | Killed a two-headed ogre
  9786 | D:9      | Reached skill level 8 in Polearms
  9786 | D:9      | Reached skill level 5 in Shields
  9786 | D:9      | Reached skill level 1 in Evocations
  9786 | D:9      | Reached XP level 10. HP: 69/76 MP: 16/16
 10244 | D:9      | Received a gift from Nemelex Xobeh
 10405 | D:10     | Entered Level 10 of the Dungeon
 10411 | D:10     | Noticed a two-headed ogre
 10432 | D:10     | HP: 1/77 [two-headed ogre/giant spiked club (27)]
 11364 | D:10     | Reached **** piety under Nemelex Xobeh
 11410 | D:10     | Killed a two-headed ogre
 12049 | D:10     | Reached skill level 9 in Polearms
 12438 | D:10     | Noticed a two-headed ogre
 12447 | D:10     | Killed a two-headed ogre
 12584 | D:10     | Noticed a gargoyle
 12604 | D:10     | Killed a gargoyle
 12928 | D:10     | Noticed a two-headed ogre
 12942 | D:10     | Killed a two-headed ogre
 13042 | D:10     | Gained mutation: When seriously injured, your bleeding wounds create thick armour. (AC +9) [demonic ancestry]
 13042 | D:10     | Reached XP level 11. HP: 53/84 MP: 17/17
 13051 | D:10     | Found a shattered altar of Ashenzari.
 13276 | D:10     | Found a staircase to the Lair.
 13297 | D:10     | Received a gift from Nemelex Xobeh
 13477 | D:10     | Reached skill level 10 in Polearms
 14058 | D:11     | Found a staircase to the Orcish Mines.
 14071 | D:11     | Noticed Jivvin's ghost (journeyman MiMo)
 14075 | D:11     | Found a flagged portal.
 14078 | D:11     | Noticed a cyan ugly thing
 14084 | Bailey   | Entered a bailey
 14513 | Bailey   | Received a gift from Nemelex Xobeh
 14541 | Bailey   | HP: 3/84 [orc warrior/bolt (12)]
 15463 | Bailey   | Noticed an orc knight
 15497 | Bailey   | Killed an orc knight
 15541 | Bailey   | Identified a scroll of acquirement
 15596 | D:11     | Killed a cyan ugly thing
 15957 | D:11     | Killed Jivvin's ghost
 16025 | D:11     | Noticed Eviona's ghost (journeyman DrTm)
 16045 | D:11     | Killed Eviona's ghost
 17057 | D:11     | Paralysed by a hornet for 2 turns
 17217 | D:11     | Noticed a wizard
 17227 | D:11     | Killed a wizard
 17378 | D:11     | Killed an unseen horror
 17467 | D:11     | Reached skill level 11 in Polearms
 17821 | D:11     | Noticed a tengu warrior
 17840 | D:11     | Killed a tengu warrior
 18162 | D:11     | Found a blossoming altar of Fedhas.
 18422 | D:11     | Received a gift from Nemelex Xobeh
 19420 | D:10     | HP: 1/84 [wyvern[the player character] (19)]
 19760 | D:11     | Noticed a large abomination
 19887 | D:11     | Noticed mynametaken's ghost (journeyman GrFi)
 19895 | Orc:1    | Entered Level 1 of the Orcish Mines
 19930 | D:11     | Killed mynametaken's ghost
 20427 | D:11     | Noticed a death knight
 20473 | D:11     | Gained mutation: You are immune to freezing clouds. [demonic ancestry]
 20473 | D:11     | Reached XP level 12. HP: 59/91 MP: 18/18
 20652 | D:11     | Killed a death knight
 21172 | D:11     | Received a gift from Nemelex Xobeh
 21225 | D:11     | Reached skill level 12 in Polearms
 22154 | D:11     | Noticed a two-headed ogre
 22161 | D:11     | Killed a two-headed ogre
 22657 | Orc:2    | Entered Level 2 of the Orcish Mines
 23381 | Orc:2    | Found Ova Pioziom's General Store.
 23395 | Orc:2    | Received a gift from Nemelex Xobeh
 23672 | Orc:2    | Found a staircase to the Elven Halls.
 23755 | Orc:2    | Noticed a two-headed ogre
 23756 | Orc:2    | Noticed a two-headed ogre
 23773 | Elf:1    | Entered Level 1 of the Elven Halls
 24586 | D:12     | Reached skill level 13 in Polearms
 24660 | D:12     | Reached ***** piety under Nemelex Xobeh
 25221 | D:12     | Gained mutation: Your body sometimes deteriorates upon taking damage. [mutagenic meat]
 25222 | D:12     | Gained mutation: You have a beak for a mouth. [mutagenic meat]
 25223 | D:12     | Gained mutation: You regenerate slowly when monsters are visible. [mutagenic meat]
 25223 | D:12     | Lost mutation: Your body sometimes deteriorates upon taking damage. [potion of cure mutation]
 25223 | D:12     | Lost mutation: You are resistant to hostile enchantments. (MR+) [potion of cure mutation]
 25223 | D:12     | Lost mutation: You regenerate slowly when monsters are visible. [potion of cure mutation]
 25223 | D:12     | Lost mutation: You have a beak for a mouth. [potion of cure mutation]
 25408 | D:12     | Noticed a two-headed ogre
 25417 | D:12     | Killed a two-headed ogre
 25622 | D:12     | Reached skill level 14 in Polearms
 25802 | D:12     | Noticed a tengu warrior
 25813 | D:12     | Killed a tengu warrior
 26096 | D:12     | Reached XP level 13. HP: 70/99 MP: 19/19
 27378 | Orc:2    | Reached skill level 10 in Fighting
 27396 | Orc:2    | Found Izxiguid's Antique Armour Emporium.
 27411 | Orc:2    | Found Jopn's Antique Weapon Emporium.
 27412 | Orc:2    | Found Plog's Armour Boutique.
 27413 | Orc:2    | Received a gift from Nemelex Xobeh
 27415 | Orc:2    | Bought an embroidered cloak for 304 gold pieces
 27597 | Orc:1    | Reached skill level 15 in Polearms
 28170 | Orc:2    | Found Qulasch's Armour Shoppe.
 28174 | Orc:2    | Bought the +3 hat of Pondering {ponderous, MR+ MP+10 Int+5} for 222 gold pieces
 28197 | Orc:2    | Bought the +2 pair of boots of the Assassin {DetectMon Stab+ Stlth++} for 352 gold pieces
 28218 | Orc:2    | Bought a +0 shield for 58 gold pieces
 28530 | D:13     | Found a gate to the Vaults.
 28530 | D:13     | Noticed Urug
 28694 | D:13     | Found a sacrificial altar of Ru.
 28818 | D:13     | Killed Urug
 28877 | D:13     | Reached skill level 16 in Polearms
 29107 | D:13     | Reached XP level 14. HP: 64/111 MP: 20/20
 29221 | D:13     | Received a gift from Nemelex Xobeh
 29474 | Lair:1   | Entered Level 1 of the Lair of Beasts
 30316 | Lair:1   | Received a gift from Nemelex Xobeh
 31218 | Lair:2   | Received a gift from Nemelex Xobeh
 31282 | Lair:2   | Found a staircase to the Swamp.
 31424 | Lair:2   | Received a gift from Nemelex Xobeh
 31546 | Lair:2   | Noticed Sonja
 31552 | Lair:2   | Killed Sonja
 31924 | Lair:3   | Found a staircase to the Snake Pit.
 31946 | Lair:3   | Received a gift from Nemelex Xobeh
 32009 | Lair:3   | Got a steaming golden ring
 32011 | Lair:3   | Identified the ring of Xinoj {Fire Slay+5} (You found it on level 3 of the Lair of Beasts)
 32428 | Lair:4   | Received a gift from Nemelex Xobeh
 32469 | Lair:4   | Reached ****** piety under Nemelex Xobeh
 32513 | Lair:4   | Found a dark tunnel.
 32519 | Volcano  | Entered a volcano
 32566 | Volcano  | Found a bloodstained altar of Trog.
 32573 | Volcano  | Received a gift from Nemelex Xobeh
 32865 | Lair:4   | Reached skill level 17 in Polearms
 33548 | Lair:5   | Received a gift from Nemelex Xobeh
 33632 | Lair:5   | Found a frozen archway.
 33826 | IceCv    | Entered an ice cave
 33882 | IceCv    | Identified the Collected Works on Helpful Flames
 33958 | Lair:5   | Reached skill level 5 in Evocations
 34079 | Lair:5   | Noticed an entropy weaver
 34079 | Lair:5   | Noticed an entropy weaver
 34666 | Lair:5   | Received a gift from Nemelex Xobeh
 34679 | Lair:5   | Found a runed door.
 34679 | Lair:5   | Found a viscous altar of Jiyva.
 34680 | Lair:5   | Found a staircase to the Slime Pits.
 34792 | Lair:5   | Killed an entropy weaver
 34816 | Lair:6   | Entered Level 6 of the Lair of Beasts
 35075 | Lair:6   | Reached XP level 15. HP: 125/125 MP: 21/21
 35325 | Lair:6   | Reached skill level 15 in Fighting
 36015 | Lair:6   | Received a gift from Nemelex Xobeh
 36199 | Lair:6   | Reached skill level 1 in Axes
 37751 | D:14     | Got an ichor-stained leather armour
 37762 | D:14     | Identified the cursed +1 leather armour of Ru's Condemnation {-Cast rPois rC+ MR++} (You found it on level 14 of the Dungeon)
 37820 | D:14     | Found a shattered altar of Ashenzari.
 37951 | D:14     | Received a gift from Nemelex Xobeh
 38706 | D:14     | Noticed Frances
 38715 | D:14     | Killed Frances
 38716 | D:14     | Received a gift from Nemelex Xobeh
 38971 | D:15     | Entered Level 15 of the Dungeon
 39023 | D:15     | Found a flickering gateway to a bazaar.
 39028 | Bazaar   | Entered a bazaar
 39030 | Bazaar   | Found Hibised's Distillery.
 39034 | Bazaar   | Bought a potion of heal wounds for 55 gold pieces
 39034 | Bazaar   | Bought a potion of curing for 33 gold pieces
 39034 | Bazaar   | Found Pegy's Book Boutique.
 39034 | Bazaar   | Found Gagogewn's Book Boutique.
 39035 | Bazaar   | Found Cagootuipt's Antique Armour Boutique.
 39039 | Bazaar   | Bought a turquoise-encrusted chain mail for 218 gold pieces
 39063 | Bazaar   | Bought a potion of haste for 110 gold pieces
 39063 | Bazaar   | Bought a potion of might for 44 gold pieces
 39063 | Bazaar   | Bought a potion of cure mutation for 275 gold pieces
 39080 | D:15     | Reached skill level 5 in Axes
 39180 | D:15     | Identified the +5 chain mail "Leelloz" {+Blink Int+4} (You bought it in a shop in a bazaar)
 39264 | D:15     | Received a gift from Nemelex Xobeh
 40379 | D:15     | Killed from afar by a meliai

Vault maps used:
D:1:      dpeg_arrival_simpleton_c
D:2:      chequers_ecumenical_altar_island
D:3:      portal_sewer_entry_c, fedhas_altar_fruit_tree
D:4:      nemelex_xobeh_ov_fountains_minmay, serial_bayou, serial_bayou_ford_a,
          serial_bayou_pond_a, serial_bayou_pond_c, serial_bayou_crossing,
          first_bread, grunt_decor_fettered
D:5:      serial_curves, eino_curves_01, eino_curves_02, eino_curves_03
D:7:      minitemple, uniq_prince_ribbit1, uniq_pikel, uniq_duvessa,
          uniq_menkaure
D:8:      enter_ossuary_3, serial_shops, nicolae_shop_window_shopping,
          nicolae_shop_trees, shop, shop, nicolae_shop_window_shopping,
          grunt_ogre_cave, kennysheep_generic_room_7
D:10:     david_lair_shrubbed, basic_altar
D:11:     orc_0_dummy, basic_altar, enter_bailey_2, serial_undead,
          serial_undead_f, serial_undead_a, serial_undead_c, serial_undead_d,
          hangedman_abyss_or_decor_stabs, laboratory
D:12:     minmay_evil_grid
D:13:     david_vaults_3, basic_altar, kennysheep_small_square
D:14:     basic_altar, uniq_frances
D:15:     gammafunk_enter_depths_forms, serial_shops, bzr_entry_road,
          minmay_large_rounded_square, library_closet
Lair:1:   grunt_megastairs_3, lemuel_fruit_tree
Lair:2:   swamp_mist_pool, uniq_sonja, uniq_urug
Lair:3:   guppyfry_snake_entry_garden, infiniplex_staircase_pool
Lair:4:   nicolae_volcano_entry_s_turn, bobbens_dragon_lair_wall
Lair:5:   slime_altar_2, portal_ice_cave_demonic_guard, zaba_anthell,
          grunt_megastairs_2
Lair:6:   minmay_lair_end_frog_pond
Orc:2:    st_orc_open, serial_shops, shop
Elf:1:    minmay_elf_crystal_hexagon
Bazaar:   bazaar_minmay_cross
Bailey:   bailey_polearm_2, bailey
IceCv:    ice_cave_statue_garden_teleport
Volcano:  kennysheep_volcano_temple

Skill      XL: |  1  2  3  4  5  6  7  8  9 10 11 12 13 14 15 |
---------------+----------------------------------------------+-----
Polearms       | 3 4 5 6 7 8 9 11 14 16 17 | 17.2
Invocations    | 1 2 3 4 7 8 |  8.0
Shields        | 1 4 5 8 9 |  9.6
Armour         | 1 |  1.2
Dodging        | 3 4 6 |  6.6
Fighting       | 4 6 7 9 11 14 15 | 15.7
Evocations     | 1 3 5 7 |  7.6
Axes           | 6 |  6.6
Throwing       | |  1.7

Action                   |  1- 3 |  4- 6 |  7- 9 | 10-12 | 13-15 || total
-------------------------+-------+-------+-------+-------+-------++-------
Melee: Trident           |   138 |   203 |   562 |   890 |       ||  1793
       Halberd           |       |       |       |   402 |  1311 ||  1713
       Broad axe         |       |       |       |       |   418 ||   418
Throw: Throwing net      |       |       |       |       |     3 ||     3
Evoke: Deck              |       |       |    15 |    41 |    16 ||    72
       Wand              |       |       |     4 |     9 |     5 ||    18
       Box of beasts     |       |       |       |     1 |       ||     1
       Phantom mirror    |       |       |       |     1 |       ||     1
       Phial of floods   |       |       |       |       |     3 ||     3
  Use: Potion            |       |     2 |     5 |     6 |       ||    13
       Scroll            |       |       |       |    19 |    17 ||    36
 Stab: Sleeping          |     2 |       |    10 |     6 |    28 ||    46
       Distracted        |       |     2 |     5 |    16 |    24 ||    47
       Held in net/web   |       |       |       |       |     1 ||     1
  Eat: Meat ration       |       |     1 |     1 |     2 |     3 ||     7
       Chunk             |       |     5 |    17 |    29 |    32 ||    83
       Beef jerky        |       |       |     3 |     2 |       ||     5
       Pizza             |       |       |       |     3 |       ||     3
       Fruit             |       |       |       |     4 |     4 ||     8
       Royal jelly       |       |       |       |     3 |     1 ||     4
Armor: Leather armour    |    33 |    54 |    28 |       |    24 ||   139
       Robe              |       |       |    78 |   170 |     6 ||   254
       Troll leather arm |       |       |       |       |   223 ||   223
       Chain mail        |       |       |       |       |    58 ||    58
Dodge: Dodged            |    74 |   140 |   316 |   665 |   789 ||  1984
Block: Other             |       |       |    19 |   162 |   132 ||   313
       Reflection        |       |       |     2 |    19 |    10 ||    31
       Large shield      |       |       |       |    80 |       ||    80
       Shield            |       |       |       |       |   189 ||   189
